 Dungeon Crawl Stone Soup version 0.31.0-1-g2c135a008e (webtiles) character file.

Game seed: 18179973243563557458

1026 qw the Shooter (level 8, -1/58 HPs)
             Began as a Djinni Hunter on Jan 23, 2024.
             Was a Believer of Okawaru.
             Slain by a centaur zombie (2 damage)
             ... in an ossuary.
             The game lasted 00:00:17 (3487 turns).

qw the Shooter (Djinni Hunter)                      Turns: 3487, Time: 00:00:18

Health: -1/58      AC:  3    Str: 10    XL:     8   Next: 47%
Gold:   128        EV: 14    Int: 11    God:    Okawaru [**....] SH:  0 Dex: 19

rFire   + + .        a - +1 shortbow
rCold   + . .        (shield currently unavailable)
rNeg    . . .        f - +1 robe {rC+}
rPois   inf          (no helmet)
rElec   .            (no cloak)
rCorr   .            (no gloves)
SInv    .            (boots unavailable)
Will    .....        (no amulet)
Stlth   ++           d - ring of protection from cold
HPRegen 0.29/turn    (no ring)
MPRegen 0.00/turn

%: infuse magic (-2 HP)
@: flying
A: sickness immunity, fire resistance 2, cold vulnerability 1, float, innate
caster, HP casting, extra vitality 1
a: Renounce Religion, Heroism


You were in an ossuary.
You worshipped Okawaru.
Okawaru was pleased with you.
You visited 1 branch of the dungeon, and saw 4 of its levels.
You also visited: Ossuary.

You collected 213 gold pieces.
You spent 85 gold pieces at shops.


Innate Abilities, Weirdness & Mutations

You are immune to sickness and miasma.
You are immune to poison.
Your flesh is very heat resistant. (rF++)
You are vulnerable to cold. (rC-)
You float through the air rather than walking.
You learn spells naturally, not from books.
Your magical power is your life essence.
You have superior vitality. (+4 MHP)


   Skills:
 - Level 4.1 Fighting
 - Level 6.1 Ranged Weapons
 - Level 1.2 Armour
 + Level 4.4 Dodging
 - Level 0.7 Stealth
 - Level 4.0 Invocations


You knew the following spells:

 Your Spells              Type           Power      Damage    Failure   Level
a - Shock                 Conj/Air       0%         1d3       34%         1
b - Scorch                Fire           0%         2d5       47%         2
c - Gell's Gravitas       Tloc           0%         N/A       71%         3
Your spell library was empty.

Inventory:

Hand Weapons
 a - a +1 shortbow (weapon)
Armour
 f - a +1 robe of cold resistance (worn)
 k - a +0 ring mail
Jewellery
 d - a ring of protection from cold (left hand)
Scrolls
 c - 2 scrolls of identify
Potions
 b - 3 potions of curing
 e - 3 potions of haste
 h - 3 potions of might

Dungeon Overview and Level Annotations

Branches:
Dungeon (4/15)             Temple (0/1) D:4         Ossuary (1/1)

Altars:
Okawaru

Shops:
D:3 [


Message History

The arrow hits the scorpion but does no damage.
The scorpion is severely wounded.
The human zombie hits you. The centaur zombie barely misses you.
The centaur zombie kicks you but does no damage.
The scorpion closely misses you.
You shoot an arrow. The arrow hits the scorpion.
The scorpion is almost dead.
The centaur zombie hits you but does no damage.
The centaur zombie kicks you but does no damage.
The scorpion stings you. The human zombie completely misses you.
The centaur zombie misses you.
The centaur zombie kicks you but does no damage.
You shoot an arrow. The arrow hits the scorpion!
You kill the scorpion!
Okawaru accepts your kill. The centaur zombie hits you.
The centaur zombie kicks you but does no damage.
The human zombie hits you.
Your Ranged Weapons skill increases to level 6!
You shoot an arrow. The arrow hits the centaur zombie.
The centaur zombie is lightly damaged.
The centaur zombie hits you.
The centaur zombie kicks you but does no damage.
The human zombie hits you! The centaur zombie barely misses you.
The centaur zombie misses you.
You shoot an arrow.
The arrow barely misses the centaur zombie.
The centaur zombie hits you but does no damage.
The centaur zombie kicks you but does no damage.
The human zombie hits you.
You shoot an arrow. The arrow hits the centaur zombie!
The centaur zombie is moderately damaged.
The centaur zombie hits you.
The centaur zombie completely misses you.
The human zombie hits you.
You shoot an arrow. The arrow hits the centaur zombie!
The centaur zombie is heavily damaged.
The centaur zombie hits you. The centaur zombie misses you.
The centaur zombie barely misses you. The centaur zombie kicks you.
You die...

###################
..#...#...#...Z...#..
..'...8...'..@.%..'..
#.......#...Z...#...
##+###8...8###########s##
#.!.#.......#...#...#=?.#
#..?#...8...#...8...#..?#
#!=M#...#...#.......#!!.#
##########'###8..%8######
#...#...#!..#.......#...#
#...'...'...#...8...'...#


You could see a centaur zombie and a human zombie.

Vanquished Creatures
  8 scorpions (Ossuary)
  A bombardier beetle (D:4)
  2 centaur zombies (Ossuary)
  4 human zombies (Ossuary)
  5 scorpion zombies (Ossuary)
  An orc priest (D:3)
  3 mummies (Ossuary)
  5 adders
  2 adder zombies (Ossuary)
  A dart slug (D:3)
  A ribbon worm (D:2)
  5 orcs
  5 bats
  6 endoplasms
  3 giant cockroaches
  5 goblins
  6 hobgoblins
  9 jackals
  8 kobolds
  3 quokkas
  3 ball pythons
  3 ball python zombies (Ossuary)
  4 frilled lizards
  A gnoll zombie (Ossuary)
  3 jackal zombies (Ossuary)
  An orc zombie (Ossuary)
  3 rats
101 creatures vanquished.

Notes
Turn   | Place    | Note
-------+----------+-------------------------------------------
     0 | D:1      | qw the Djinni Hunter began the quest for the Orb.
     0 | D:1      | Reached XP level 1. HP: 18/18 MP: 0/0
     0 | D:1      | 0 ||| qw: Version: 0.3-a-134-g2ba4250
     0 | D:1      | 0 ||| qw: Game counter: 777
     0 | D:1      | 0 ||| qw: Melee chars always use a shield: true
     0 | D:1      | 0 ||| qw: God list: Okawaru
     0 | D:1      | 0 ||| qw: Allow faded altars: false
     0 | D:1      | 0 ||| qw: Do Orc after clearing Dungeon:15 true
     0 | D:1      | 0 ||| qw: Do second Lair branch before Depths: true
     0 | D:1      | 0 ||| qw: Lair rune preference: random
     0 | D:1      | 0 ||| qw: Goals: Normal
     0 | D:1      | 0 ||| PLANNING D:1-11
    55 | D:1      | Reached XP level 2. HP: 23/23 MP: 0/0
   198 | D:1      | Reached skill level 4 in Ranged Weapons
   198 | D:1      | Reached XP level 3. HP: 28/28 MP: 0/0
   198 | D:1      | Learned a level 1 spell: Shock
   323 | D:1      | Found a faded altar of an unknown god.
   438 | D:1      | 438 ||| UPGRADING to +0 ring mail.
   448 | D:1      | 448 ||| DROPPING +0 leather armour.
   449 | D:1      | 449 ||| UPGRADING to ring of protection from cold.
   450 | D:1      | 450 ||| READING scroll labelled XUC MOEPPOL.
   450 | D:1      | 450 ||| ENCHANTING +0 shortbow.
   451 | D:1      | 451 ||| READING scroll labelled IWIURI CUXYEST.
   452 | D:1      | 452 ||| READING scroll labelled SEKLIN QAOG.
   457 | D:1      | 457 ||| READING scroll labelled NAPPIL PUGGYN.
   458 | D:1      | 458 ||| READING scroll labelled AGHEB DEDEETHRE.
   459 | D:1      | 459 ||| READING scroll labelled YHOBYE YN BUNN.
   460 | D:1      | 460 ||| DROPPING scroll of butterflies.
   484 | D:2      | 484 ||| STAIRDANCE
   552 | D:2      | Reached skill level 1 in Armour
   743 | D:2      | Reached XP level 4. HP: 34/34 MP: 0/0
  1018 | D:2      | Reached skill level 3 in Fighting
  1192 | D:2      | Found an iron altar of Okawaru.
  1193 | D:2      | 1193 ||| PLANNING OKAWARU WORSHIP
  1193 | D:2      | 1193 ||| READING scroll labelled OSOYCU FOYDGH.
  1193 | D:2      | 1193 ||| ENCHANTING +0 shortbow.
  1194 | D:2      | 1194 ||| READING 4 scrolls labelled QITYGE RYILOZ DUEJ.
  1194 | D:2      | 1194 ||| IDENTIFYING dark potion
  1195 | D:2      | 1195 ||| READING 3 scrolls of identify.
  1195 | D:2      | 1195 ||| IDENTIFYING viscous red potion
  1196 | D:2      | 1196 ||| READING 2 scrolls of identify.
  1196 | D:2      | 1196 ||| IDENTIFYING orange potion
  1197 | D:2      | 1197 ||| READING scroll of identify.
  1197 | D:2      | 1197 ||| IDENTIFYING puce potion
  1198 | D:2      | 1198 ||| READING scroll labelled GYQEPO HIUDI.
  1199 | D:2      | 1199 ||| DROPPING potion of degeneration.
  1200 | D:2      | 1200 ||| DROPPING potion of ambrosia.
  1207 | D:2      | Became a worshipper of Warmaster Okawaru
  1208 | D:2      | 1208 ||| PLANNING D:1-11
  1266 | D:2      | 1266 ||| READING scroll of identify.
  1266 | D:2      | 1266 ||| IDENTIFYING green potion
  1267 | D:2      | 1267 ||| READING scroll labelled TUSYCI WOCAUKE.
  1268 | D:2      | 1268 ||| DROPPING potion of berserk rage.
  1348 | D:3      | Found Lukeil's Antique Armour Boutique.
  1357 | D:3      | 1357 ||| BUYING glowing robe (85 gold).
  1357 | D:3      | Bought a glowing robe for 85 gold pieces
  1357 | D:3      | 1357 ||| SHOPLISTING glowing robe (85 gold, have 30).
  1387 | D:3      | Reached XP level 5. HP: 16/40 MP: 0/0
  1387 | D:3      | Learned a level 2 spell: Scorch
  1801 | D:3      | 1801 ||| UPGRADING to +1 robe of cold resistance.
  1811 | D:3      | 1811 ||| READING 4 scrolls of identify.
  1811 | D:3      | 1811 ||| IDENTIFYING purple potion
  1812 | D:3      | 1812 ||| READING 3 scrolls of identify.
  1812 | D:3      | 1812 ||| IDENTIFYING sedimented dark potion
  1813 | D:3      | 1813 ||| READING 2 scrolls of identify.
  1813 | D:3      | 1813 ||| IDENTIFYING smoky blue potion
  1814 | D:3      | 1814 ||| READING scroll of identify.
  1814 | D:3      | 1814 ||| IDENTIFYING 2 bubbling ruby potions
  1815 | D:3      | 1815 ||| DROPPING potion of brilliance.
  1816 | D:3      | 1816 ||| DROPPING potion of attraction.
  1842 | D:4      | 1842 ||| PLANNING OSSUARY
  2155 | D:4      | Identified the +4 whip of the Hummingbird {pain, Fly}
  2242 | D:4      | Found a staircase to the Ecumenical Temple.
  2298 | D:4      | 2298 ||| READING scroll labelled KOTZU TEALLOR.
  2304 | D:4      | Reached skill level 3 in Dodging
  2304 | D:4      | Reached XP level 6. HP: 39/46 MP: 0/0
  2426 | D:4      | Found a sand-covered staircase.
  2427 | D:4      | 2427 ||| READING scroll labelled FYRUR SARUN.
  2435 | Ossuary  | Entered an ossuary
  2453 | Ossuary  | Reached skill level 5 in Ranged Weapons
  2527 | Ossuary  | HP: 10/46 [scorpion (4)]
  2528 | Ossuary  | 2528 ||| READING scroll of teleportation.
  2529 | Ossuary  | 2529 ||| DRINKING potion of heal wounds.
  2551 | Ossuary  | HP: 10/46 [scorpion (6)]
  2555 | Ossuary  | HP: 3/46 [scorpion (6)]
  2557 | Ossuary  | Reached * piety under Okawaru
  2596 | Ossuary  | HP: 9/46 [scorpion zombie (4)]
  2599 | Ossuary  | Reached XP level 7. HP: 6/50 MP: 0/0
  2599 | Ossuary  | Learned a level 3 spell: Gell's Gravitas
  2786 | Ossuary  | Reached skill level 1 in Invocations
  2992 | Ossuary  | Reached ** piety under Okawaru
  2993 | Ossuary  | Reached skill level 3 in Invocations
  3003 | Ossuary  | Reached XP level 8. HP: 16/58 MP: 0/0
  3267 | Ossuary  | 3267 ||| READING 4 scrolls of identify.
  3267 | Ossuary  | 3267 ||| IDENTIFYING brown potion
  3268 | Ossuary  | 3268 ||| READING 3 scrolls of identify.
  3268 | Ossuary  | 3268 ||| IDENTIFYING murky emerald potion
  3269 | Ossuary  | 3269 ||| DROPPING potion of invisibility.
  3270 | Ossuary  | 3270 ||| DROPPING potion of lignification.
  3329 | Ossuary  | 3329 ||| qw: Version: 0.3-a-135-gb77e89d
  3329 | Ossuary  | 3329 ||| qw: Game counter: 777
  3329 | Ossuary  | 3329 ||| qw: Melee chars always use a shield: true
  3329 | Ossuary  | 3329 ||| qw: Do Orc after clearing Dungeon:15 true
  3329 | Ossuary  | 3329 ||| qw: Do second Lair branch before Depths: true
  3329 | Ossuary  | 3329 ||| qw: Lair rune preference: random
  3329 | Ossuary  | 3329 ||| qw: Goals: Normal
  3329 | Ossuary  | 3329 ||| PLANNING OSSUARY
  3484 | Ossuary  | Reached skill level 6 in Ranged Weapons
  3484 | Ossuary  | HP: 14/58 [human zombie (7)]
  3486 | Ossuary  | HP: 4/58 [human zombie (5)]
  3487 | Ossuary  | HP: 1/58 [centaur zombie (3)]
  3487 | Ossuary  | Slain by a centaur zombie

Levels and vault maps discovered:
D:1:      amcnicky_arrival_gap_in_the_tavern_cellar, layout_rooms,
          shapermc_ecumenical_altar_petra
D:2:      layout_loops_ring, basic_altar, palyth_stone_intersect,
          chequers_serial_rivers_micro_b
D:3:      layout_rooms, serial_shops, nicolae_square_shop,
          chequers_serial_rivers_room_a, nicolae_the_louvre
D:4:      layout_loops_cross, minmay_temple_entry_antechambers,
          nicolae_ossuary_entry_monument, st_stairs_6
Ossuary:  ossuary_minmay_scorpions

Skill      XL: |  1  2  3  4  5  6  7  8 |
---------------+-------------------------+-----
Ranged Weapons | 4 5 6 |  6.1
Armour         | 1 |  1.2
Fighting       | 3 4 |  4.1
Dodging        | 3 4 |  4.4
Invocations    | 3 4 |  4.0
Stealth        | |  0.7

Action                     |  1- 3 |  4- 6 |  7- 9 || total
---------------------------+-------+-------+-------++-------
   Fire: Shortbow          |    89 |   189 |   200 ||   478
    Use: Scroll            |     6 |    15 |     2 ||    23
         Potion            |       |     1 |       ||     1
 Armour: Leather armour    |     5 |       |       ||     5
         Ring mail         |    21 |    30 |       ||    51
         Robe              |       |    54 |   108 ||   162
  Dodge: Dodged            |    24 |    84 |   126 ||   234

Table legend:
 A = Non-vault XP
 B = Vault XP
 C = Vault XP percentage of total XP
 D = Non-vault monster count
 E = Vault monster count
 F = Vault count percentage of total count
                 A         B        C        D         E       F
            +---------+---------+-------+---------+---------+-------
      Total |     270 |    1197 |  81.6 |      68 |      33 |  32.7
            +---------+---------+-------+---------+---------+-------
        D:1 |      35 |       0 |   0.0 |      20 |       0 |   0.0
        D:2 |      67 |       0 |   0.0 |      22 |       0 |   0.0
        D:3 |      76 |       0 |   0.0 |      13 |       0 |   0.0
        D:4 |      92 |       3 |   3.2 |      13 |       1 |   7.1
    Ossuary |       0 |    1194 | 100.0 |       0 |      32 | 100.0
            +---------+---------+-------+---------+---------+-------
